 Dungeon Crawl Stone Soup version 0.31-a0-1172-g9944ec47dd (webtiles) character file.

Game seed: 11441374292202441134

1 Firecrotchwizard the Sneak (level 1, -3/17 HPs)
             Began as a Draconian Brigand on Dec 10, 2023.
             Slain by a kobold
             ... wielding a +1 dagger of electrocution
              (18 damage)
             ... on level 1 of the Dungeon.
             The game lasted 00:00:17 (33 turns).

Firecrotchwizard the Sneak (Draconian Brigand)        Turns: 33, Time: 00:00:18

Health: -3/17      AC:  5    Str: 13    XL:     1   Next: 16%
Magic:  1/1        EV: 11    Int: 11    God:
Gold:   0          SH:  0    Dex: 12    Spells: 0/0 levels left

rFire   . . .        s - +2 dagger
rCold   . . .        (no shield)
rNeg    . . .        (body armour unavailable)
rPois   .            (helmet restricted)
rElec   .            b - +0 cloak
rCorr   .            (no gloves)
SInv    .            (no boots)
Will    .....        (no amulet)
Stlth   ++           (no ring)
HPRegen 0.22/turn    (no ring)
MPRegen 0.07/turn

%: no passive effects
@: no status effects
A: AC +4, unfitting armour, cold-blooded
a: no special abilities


You were on level 1 of the Dungeon.
You visited 1 branch of the dungeon, and saw 1 of its levels.

Inventory:

Hand Weapons
 s - a +2 dagger (weapon)
Missiles
 c - 9 poisoned darts (quivered)
 d - 3 curare-tipped darts
Armour
 b - a +0 cloak (worn)
Scrolls
 a - 3 scrolls of identify {unknown}


   Skills:
 + Level 2.2 Fighting
 + Level 2.0 Short Blades
 + Level 1.8 Throwing
 + Level 0.9 Dodging
 + Level 3.6 Stealth


You couldn't memorise any spells.
You didn't know any spells.
Your spell library was empty.

Dungeon Overview and Level Annotations

Branches:
Dungeon (1/15)

Altars:


Innate Abilities, Weirdness & Mutations

Your plain brown scales are hard. (AC +4)
You cannot fit into any form of body armour.
You are cold-blooded and may be slowed by cold attacks.


Message History

Lua error: /dgldir/rcfiles/crawl-git/Firecrotchwizard.rc:334: '' expected near 'end' Welcome, Firecrotchwizard the Draconian Brigand.
Below lies the Orb of Zot, rumoured to be powerful enough to resurrect a god...
Press ? for a list of commands and other information.
Found a staircase leading out of the dungeon.
You open the door.
There is an open door here.
Found a chain mail.
No target in view!
a - 3 scrolls labelled HOAMIFIDAO You open the door.
There is an open door here.
Found a stone staircase leading down.
A goblin comes into view. It is wielding a +0 club.
Found 14 gold pieces.
A kobold comes into view.
It is wielding a +1 dagger of electrocution.
The kobold shouts!
The goblin hits you but does no damage.
You barely miss the goblin. You hit the goblin. You tail-slap the goblin.
You kill the goblin!
Found 13 gold pieces.
You hit the kobold but do no damage. The kobold barely misses you.
You barely miss the kobold. The kobold misses you.
You barely miss the kobold. The kobold barely misses you.
You hit the kobold.
Your tail-slap misses the kobold.
The kobold is moderately wounded.
The kobold hits you with a +1 dagger of electrocution.
You are electrocuted!!
Ouch! That really hurt!
You die...

##...### ##.$
..#####'#####...#
..............# #
.............##.#
.######.........#
#......#.>.
#......##+#.##
#......$....$.
#.....@K......
#..........$..
#...).........
#...........##
#...........#
#...........#
#...........#
#######.....#
#####


You could see a kobold.

Vanquished Creatures
  A goblin (D:1)
1 creature vanquished.

Notes
Turn   | Place    | Note
-------+----------+-------------------------------------------
     0 | D:1      | Firecrotchwizard the Draconian Brigand began the quest for
                  | the Orb.
     0 | D:1      | Reached XP level 1. HP: 17/17 MP: 1/1
    33 | D:1      | Slain by a kobold

Illustrated notes

Levels and vault maps discovered:
D:1:      arrival_zaba_pyramid, layout_basic

Action                     || total
---------------------------++-------
  Melee: Dagger            ||     6
         Tailslap          ||     1
 Armour: Skin              ||     2
  Dodge: Dodged            ||     3

Table legend: (Time is in decaauts)
 A = Elapsed time spent in this place.
 B = Non-inter-level travel time spent in this place.
 C = Inter-level travel time spent in this place.
 D = Time resting spent in this place.
 E = Time spent auto-exploring this place.
 F = Levels seen in this place.
 G = Mean time per level.
                   A        B        C        D        E       F      G
               +--------+--------+--------+--------+--------+-----+--------+
         Total |     32 |     32 |      0 |      0 |     18 |   1 |   32.0 |
       Dungeon |     32 |     32 |      0 |      0 |     18 |   1 |   32.0 |
               +--------+--------+--------+--------+--------+-----+--------+

Top non-repeatable levels by time:
     D:1: 32 daAuts
